 Dungeon Crawl Stone Soup version 0.23-a0-677-g07611c5 (console) character file.

44 Duffy the Firebug (level 3, -1/24 HPs)
             Began as a Demonspawn Fire Elementalist on Jan 9, 2019.
             Slain by an orc
             ... wielding a +0 short sword
              (6 damage)
             ... on level 2 of the Dungeon.
             The game lasted 00:01:47 (1515 turns).

Duffy the Firebug (Demonspawn Fire Elementalist)    Turns: 1515, Time: 00:01:47

Health: -1/24      AC:  2    Str:  8    XL:     3   Next: 39%
Magic:  0/6        EV: 10    Int: 17    God:
Gold:   9          SH:  0    Dex: 13    Spells: 2/6 levels left

rFire    . . .     SeeInvis .   (no weapon)
rCold    . . .     Gourm    .   (no shield)
rNeg     . . .     Faith    .   a - +0 robe
rPois    .         Spirit   .   (no helmet)
rElec    .         Reflect  .   (no cloak)
rCorr    .         Harm     .   (no gloves)
MR       .....                  (no boots)
Stlth    ++........             (no amulet)
HPRegen  0.08/turn              b - -2 ring of evasion (curse)
MPRegen  0.10/turn              (no ring)

@: no status effects
A: powered by death 1
a: no special abilities


You were on level 2 of the Dungeon.
You were hungry.

You visited 1 branch of the dungeon, and saw 3 of its levels.

You collected 9 gold pieces.

Inventory:

Armour
 a - a +0 robe (worn)
Jewellery
 b - a cursed -2 ring of evasion (left hand)
Scrolls
 e - a scroll of teleportation {unknown}
Comestibles
 c - a ration
 d - 2 chunks of flesh


   Skills:
 - Level 1.7 Dodging
 - Level 1.7 Stealth
 + Level 2.3 Spellcasting
 + Level 2.6 Conjurations
 + Level 3.0 Fire Magic


You had 2 spell levels left.
You knew the following spells:

 Your Spells              Type           Power        Failure   Level  Hunger
h - Flame Tongue          Conj/Fire      ##...        6%          1    #......
l - Conjure Flame         Conj/Fire      ##......     17%         3    ###....

Your spell library contained the following spells:

 Spells                   Type           Power        Failure   Level  Hunger
 Throw Flame              Conj/Fire      ##....       9%          2    ##.....
 Inner Flame              Hex/Fire       #.......     30%         3    ###....
 Sticky Flame             Conj/Fire      ##......     50%         4    #####..
 Fireball                 Conj/Fire      ##........   85%         5    ######.


Dungeon Overview and Level Annotations

Branches:
Dungeon (3/15)

Altars:
Nemelex Xobeh


Innate Abilities, Weirdness & Mutations

You regenerate a little health from kills.


Message History

a +0 dagger; an orc skeleton
Casting: Flame Tongue (safe; 6% risk of failure)
Confirm with . or Enter, or press ? or * to list all spells.
Aiming: Flame Tongue (safe; 6% risk of failure)
Press: ? - help, Shift-Dir - straight line, f/p - orc
Aim: an orc, wielding a +0 short sword and wearing a +0 leather armour The flame tongue hits the orc.
The orc is heavily wounded.
You are feeling hungry.
The orc hits you with a +0 short sword. The orc hits you with a +0 short sword.
You see here a thin runed staff.
The orc hits you with a +0 short sword.
Casting: Flame Tongue (safe; 6% risk of failure)
Confirm with . or Enter, or press ? or * to list all spells.
Aiming: Flame Tongue (safe; 6% risk of failure)
Press: ? - help, Shift-Dir - straight line, f/p - orc
Aim: an orc, wielding a +0 short sword and wearing a +0 leather armour (heavily The flame tongue misses the orc.
The orc hits you with a +0 short sword.
You die...

#. ### #.##
####.# .b#
#..).# #.#
#(####
#.###.#
####.....###
#.........>#
#....|@..).#
#....o..)..#
#.......[..#
#..<.......#
#.....)....#
#..........#
############


You could see an orc and a bat.

Vanquished Creatures
  A worker ant zombie (D:3)
  A leopard gecko (D:1)
  8 orcs
  2 bats
  A giant cockroach (D:2)
  2 goblins
  2 hobgoblins
  2 jackals
  2 kobolds (D:1)
  2 rats
23 creatures vanquished.

Notes
Turn   | Place    | Note
-------+----------+-------------------------------------------
     0 | D:1      | Duffy the Demonspawn Fire Elementalist began the quest for
                  | the Orb.
     0 | D:1      | Reached XP level 1. HP: 13/13 MP: 3/3
   181 | D:1      | Gained mutation: You regenerate a little health from kills.
                  | [demonic ancestry]
   181 | D:1      | Reached XP level 2. HP: 16/19 MP: 0/5
  1247 | D:3      | Reached XP level 3. HP: 21/24 MP: 3/6
  1250 | D:3      | Reached skill level 3 in Fire Magic
  1399 | D:2      | Learned a level 3 spell: Conjure Flame
  1403 | D:3      | Found a sparkling altar of Nemelex Xobeh.
  1515 | D:2      | Slain by an orc

Vault maps used:
D:1:      dpeg_arrival_boxes_within_box, serial_corexii_hall,
          corexii_hall_statues_s, corexii_hall_statues_s
D:2:      lemuel_doored_altar, nicolae_qazlal_eye_of_the_storm,
          skrybe_limestone_x, uniq_terence
D:3:      cheibrodos_pilgrimage, marbit_many_paths,
          lemuel_coloured_pillars_altar, lemuel_crystal_altar

Skill      XL: |  1  2  3 |
---------------+----------+-----
Conjurations   | 2 |  2.6
Fire Magic     | 3 |  3.0
Dodging        | |  1.7
Stealth        | |  1.7
Spellcasting   | |  2.3

Action                   || total
-------------------------++-------
Melee: Unarmed           ||    12
 Cast: Flame Tongue      ||    50
  Eat: Chunk             ||     2
Armor: Robe              ||    14
Dodge: Dodged            ||    41

Table legend:
 A = Non-vault XP
 B = Vault XP
 C = Vault XP percentage of total XP
 D = Non-vault monster count
 E = Vault monster count
 F = Vault count percentage of total count
                 A         B        C        D         E       F
            +---------+---------+-------+---------+---------+-------
      Total |      63 |       0 |   0.0 |      23 |       0 |   0.0
            +---------+---------+-------+---------+---------+-------
        D:1 |      12 |       0 |   0.0 |       7 |       0 |   0.0
        D:2 |      14 |       0 |   0.0 |       7 |       0 |   0.0
        D:3 |      37 |       0 |   0.0 |       9 |       0 |   0.0
            +---------+---------+-------+---------+---------+-------
